 Dungeon Crawl Stone Soup version 0.29-a0-338-g1ff7896281 (webtiles) character file.

Game seed: 15877335873287048438

688 kevlar127 the Ruffian (level 7, -4/70 HPs)
             Began as a Troll Berserker on Apr 18, 2022.
             Was a Priest of Trog.
             Slain by Duvessa
             ... wielding a +3 short sword of protection
              (6 damage)
             ... on level 5 of the Dungeon.
             The game lasted 00:31:57 (4835 turns).

kevlar127 the Ruffian (Troll Berserker)             Turns: 4835, Time: 00:32:00

Health: -4/70      AC:  8    Str: 34    XL:     7   Next: 36%
Magic:  6/6        EV: 10    Int:  3    God:    Trog [***...]
Gold:   206        SH:  0    Dex:  9    Spells: 6/6 levels left

rFire   . . .      SeeInvis .     - Unarmed
rCold   . . .      Faith    .   (no shield)
rNeg    . . .      Spirit   .   a - +0 animal skin
rPois   .          Reflect  .   (helmet restricted)
rElec   .          Harm     .   (no cloak)
rCorr   .          Rampage  .   (gloves unavailable)
Will    .....                   (boots unavailable)
Stlth   +.........              (no amulet)
HPRegen 1.01/turn               s - +6 ring of strength
MPRegen 0.10/turn               z - +4 ring of protection

@: mighty, on berserk cooldown, slowed, very slow
A: large, unfitting armour, claws 3, regeneration 1, shaggy fur 1, tough skin 1
a: Renounce Religion, Berserk, Trog's Hand


You were on level 5 of the Dungeon.
You worshipped Trog.
Trog was most pleased with you.
You visited 1 branch of the dungeon, and saw 5 of its levels.
You also visited: Sewer.

You collected 206 gold pieces.

Inventory:

Missiles
 g - 243 stones
 o - 3 poisoned darts
 y - 5 atropa-tipped darts
 A - 2 boomerangs (quivered)
Armour
 a - a +0 animal skin (worn)
Magical Staves
 n - a staff of air
Jewellery
 s - a +6 ring of strength (left claw)
 z - a +4 ring of protection (right claw)
Scrolls
 b - 4 scrolls of enchant weapon
 c - a scroll of amnesia
 e - a scroll of holy word
 f - a scroll of fear
 i - a scroll of torment
 j - a scroll of teleportation
 l - a scroll of immolation
 q - a scroll of vulnerability
 r - a scroll of blinking
 u - a scroll of magic mapping
 w - a scroll of fog
 D - a scroll of summoning
Potions
 d - 2 potions of cancellation {unknown}
 k - 2 potions of heal wounds {unknown}
 m - a potion of lignification
 p - 2 potions of curing {unknown}
 t - 2 potions of brilliance {unknown}
 x - 2 potions of mutation
 B - a potion of attraction
 C - 3 potions of flight {unknown}


   Skills:
 + Level 4.2 Fighting
 + Level 3.1 Throwing
 - Level 2.8 Dodging
 * Level 6.3 Unarmed Combat


You had 6 spell levels left.
You didn't know any spells.
Your spell library contained the following spells:

 Spells                   Type           Power      Damage    Failure   Level
 Freeze                   Ice            0%         1d3       52%         1
 Frozen Ramparts          Ice            0%         1d2       88%         3
 Hailstorm                Conj/Ice       0%         3d3       99%         4


Dungeon Overview and Level Annotations

Branches:
Dungeon (5/15)              Sewer (visited)
 Temple: D:4-7

Altars:
Nemelex Xobeh
Wu Jian

Annotations:
D:4 2 runed translucent doors, 1 transporter, Crazy Yiuf; DarkMailMan's ghost, amateur DEAE
D:5 Duvessa


Innate Abilities, Weirdness & Mutations

You are too large for most types of armour.
You have claws for hands.
Your natural rate of healing is unusually fast.
You are covered in fur. (AC +1)
You have tough skin. (AC +1)


Message History

Duvessa is lightly wounded.
Duvessa hits you with a +3 short sword of protection!
You completely miss Duvessa.
Duvessa is lightly wounded.
The orc misses you. The orc hits you but does no damage.
The shadow imp misses you. Duvessa closely misses you.
You claw Duvessa!
Duvessa is moderately wounded.
Duvessa hits you with a +3 short sword of protection!
* * * LOW HITPOINT WARNING * * *
Unknown command.
You closely miss Duvessa.
Duvessa is moderately wounded.
The orc hits you but does no damage. x2; The shadow imp hits you.
* * * LOW HITPOINT WARNING * * *
Duvessa hits you with a +3 short sword of protection!
* * * LOW HITPOINT WARNING * * *
You barely miss Duvessa.
Duvessa is moderately wounded.
The orc barely misses you. The orc hits you but does no damage.
The shadow imp gestures at you.
You struggle to resist.
Duvessa hits you with a +3 short sword of protection!
* * * LOW HITPOINT WARNING * * *
You scratch Duvessa.
Duvessa is heavily wounded.
The shadow imp sputters.
The shadow imp barely misses you.
You closely miss Duvessa.
Duvessa is heavily wounded.
Duvessa hits you with a +3 short sword of protection.
* * * LOW HITPOINT WARNING * * *
The shadow imp completely misses you.
You mangle Duvessa!!
Duvessa is almost dead.
You are no longer berserk.
You are exhausted.
You feel yourself slow down.
Duvessa hits you with a +3 short sword of protection.
You die...

....$........####.......
.^...........?# ###.....
............. #....
............ .>..
..........# ##..
..........# ..
......ooo.# . # .
###.##5e### ...# #..@#
#.. #...## #. #.#....###
#..## #........# #....
#........# #..####.###
#........# #........))
#........# #.......).#
#........###..........
#....................#


You could see Duvessa (berserk), a shadow imp and 3 orcs.

Vanquished Creatures
  A wyvern (D:5)
  2 bullfrogs (Sewer)
  A scorpion (D:5)
  Dowan (D:5)
  An orc wizard (D:5)
  4 gnolls (D:4)
  9 adders
  4 river rats (Sewer)
  An ufetubus (D:5)
  A worm (D:2)
  A dart slug (D:4)
  9 orcs (D:5)
  18 ball pythons
  5 endoplasms
  6 giant cockroaches
  10 goblins
  8 hobgoblins
  10 kobolds
  2 quokkas (D:3)
  7 bats
  4 frilled lizards
  29 rats
134 creatures vanquished.

Notes
Turn   | Place    | Note
-------+----------+-------------------------------------------
     0 | D:1      | kevlar127 the Troll Berserker began the quest for the Orb.
     0 | D:1      | Reached XP level 1. HP: 22/22 MP: 0/0
   124 | D:1      | Reached XP level 2. HP: 29/29 MP: 1/1
   293 | D:1      | Found a faded altar of an unknown god.
  1173 | D:2      | Reached XP level 3. HP: 36/36 MP: 2/2
  1413 | D:2      | Reached ** piety under Trog
  1702 | D:3      | Found an ornate altar of the Wu Jian Council.
  1776 | D:3      | Reached XP level 4. HP: 45/45 MP: 3/3
  1936 | D:3      | Reached skill level 4 in Unarmed Combat
  2183 | D:3      | Reached skill level 1 in Throwing
  2255 | D:3      | Found a glowing drain.
  2267 | Sewer    | Entered a sewer
  2337 | Sewer    | Reached XP level 5. HP: 48/53 MP: 4/4
  2343 | Sewer    | Reached *** piety under Trog
  2491 | Sewer    | Reached skill level 5 in Unarmed Combat
  2501 | Sewer    | Reached XP level 6. HP: 40/61 MP: 5/5
  2800 | D:4      | Found a runed translucent door.
  2801 | D:4      | Noticed DarkMailMan's ghost (amateur DEAE)
  3278 | D:4      | Found a runed translucent door.
  3279 | D:4      | Noticed Crazy Yiuf
  3339 | D:4      | Found a sparkling altar of Nemelex Xobeh.
  3339 | D:4      | Found a transporter.
  3339 | D:4      | Noticed a wyvern
  3340 | D:4      | Noticed an orc warrior
  4027 | D:5      | Entered Level 5 of the Dungeon
  4532 | D:5      | Noticed a wyvern
  4544 | D:5      | Killed a wyvern
  4545 | D:5      | Reached XP level 7. HP: 60/70 MP: 6/6
  4574 | D:5      | Reached skill level 6 in Unarmed Combat
  4807 | D:5      | Noticed Duvessa
  4810 | D:5      | Noticed Dowan
  4823 | D:5      | Killed Dowan
  4831 | D:5      | HP: 2/105 [Duvessa/+3 short sword of protection (15)]
  4835 | D:5      | Slain by Duvessa

Illustrated notes

Levels and vault maps discovered:
D:1:      erik_arrival_cave_to_civilisation [erik_arrival_cave_to_hall],
          layout_loops_ring, shapermc_ecumenical_altar_totnotflames,
          minmay_pentomino_s2
D:2:      layout_rooms
D:3:      layout_loops_ring, nzn_wu_jian_council_hall, gup_sewer_entry_bubbles
D:4:      layout_layer_cave, grunt_nemelex_the_gamble, gammafunk_ghost_grave,
          uniq_crazy_yiuf_cottage
D:5:      layout_rooms, overflow_temple_1_default, minmay_chambers_of_fives,
          uniq_duvessa

Skill      XL: |  1  2  3  4  5  6  7 |
---------------+----------------------+-----
Fighting       | 3 4 |  4.2
Unarmed Combat | 4 5 6 |  6.3
Throwing       | 1 2 3 |  3.1
Dodging        | |  2.8

Action                   |  1- 3 |  4- 6 |  7- 9 || total
-------------------------+-------+-------+-------++-------
Melee: Unarmed           |   100 |   177 |    46 ||   323
       Punch             |     2 |     3 |     1 ||     6
Throw: Boomerang         |       |     8 |    16 ||    24
Invok: Trog's Hand       |       |     3 |     2 ||     5
       Berserk           |       |     2 |     1 ||     3
  Use: Scroll            |     4 |     5 |     8 ||    17
       Potion            |       |       |     1 ||     1
Armor: Animal skin       |    39 |   100 |    38 ||   177
Dodge: Dodged            |    54 |   140 |    42 ||   236

Table legend: (Time is in decaauts)
 A = Elapsed time spent in this place.
 B = Non-inter-level travel time spent in this place.
 C = Inter-level travel time spent in this place.
 D = Time resting spent in this place.
 E = Time spent auto-exploring this place.
 F = Levels seen in this place.
 G = Mean time per level.
                   A        B        C        D        E       F      G
               +--------+--------+--------+--------+--------+-----+--------+
         Total |   4900 |   4552 |    348 |    729 |   2899 |   6 |  816.7 |
       Dungeon |   4574 |   4226 |    348 |    693 |   2753 |   5 |  914.8 |
         Sewer |    326 |    326 |      0 |     35 |    145 |   1 |  326.0 |
               +--------+--------+--------+--------+--------+-----+--------+

Top non-repeatable levels by time:
     D:4: 1323 daAuts
     D:1: 1164 daAuts
     D:3: 836 daAuts
     D:5: 801 daAuts
     D:2: 448 daAuts
   Sewer: 326 daAuts
